Cogmind - Beta 11.1 @@@ ROGUE MODE // 2022.05.15 @ 18:51:33 Player: Owlsley Result: Destroyed by L-31 Rogue with Katana Performance ------------- Evolutions (0) 0 Regions Visited (4) 800 Robots Destroyed (24) 120 Value Destroyed (489) 489 Prototype IDs (2) 40 Alien Tech Used (0) 0 Bonus (32) 32 TOTAL SCORE: 1481 Bonus ------- Follower Combat Kills 32 Cogmind --------- Core Integrity 0/250 Matter 300/300 Energy 60/100 System Corruption 0% Temperature Warm (165) Movement Treading (320) Ox2 Location -9/Mines Parts ------- > --- POWER (1) -------- (None) > --- PROPULSION (2) --- Light Treads > --- UTILITY (2) ------ High-capacity Storage Unit > --- WEAPON (2) ------- Medium Laser Medium Laser > --- INVENTORY (20) --- Ion Engine Ion Engine Light Ion Engine Light Nuclear Core Light Treads Wheel Improved Heat Sink Improved Heat Sink Small Storage Unit Medium Storage Unit Large Matter Pod (150) Weight Redist. System Structural Scanner Sensor Array Improved Terrain Scanner Seismic Detector Targeting Computer Light Armor Plating Small Laser Small Laser Peak State ------------ > --- POWER ------------ Light Ion Engine > --- PROPULSION ------- Light Treads Light Treads > --- UTILITY ---------- Large Storage Unit > --- WEAPON ----------- Small Laser Particle Gun > --- INVENTORY -------- Ion Engine Ion Engine Light Nuclear Core Wheel Wheel Small Storage Unit Medium Storage Unit Large Matter Pod Weight Redist. System Structural Scanner Sensor Array Improved Terrain Scanner Seismic Detector Small Laser Small Laser [Rating: 9] Favorites ----------- Power Light Ion Engine Engine Light Ion Engine Propulsion Light Treads Treads Light Treads Leg Aluminum Leg Utility High-capacity Storage Unit Device Heat Sink Storage High-capacity Storage Unit Protection Light Armor Plating Weapon Medium Laser Energy Gun Medium Laser Ballistic Gun Assault Rifle Build | -11 -10 -10 -10 -9 ------- Run | Scr Mat Min Exi Min Slots Evolved . | . . . . . Power . | . . . . . Propulsion . | . . . . . Utility . | . . . . . Weapon . | . . . . . Parts Attached 15 | 2 12 1 . . Power 1 | . 1 . . . Engine 1 | . 1 . . . Core . | . . . . . Reactor . | . . . . . Propulsion 5 | 2 3 . . . Treads 5 | 2 3 . . . Leg . | . . . . . Wheel . | . . . . . Hover . | . . . . . Flight . | . . . . . Utility 4 | . 3 1 . . Device 1 | . 1 . . . Storage 2 | . 2 . . . Processor . | . . . . . Hackware . | . . . . . Protection 1 | . . 1 . . Artifact . | . . . . . Weapon 5 | . 5 . . . Energy Gun 4 | . 4 . . . Energy Cannon . | . . . . . Ballistic Gun 1 | . 1 . . . Ballistic Cannon . | . . . . . Launcher . | . . . . . Special Weapon . | . . . . . Impact Weapon . | . . . . . Slashing Weapon . | . . . . . Piercing Weapon . | . . . . . Special Melee Weapon . | . . . . . Unidentified Prototypes . | . . . . . Parts Lost 5 | . 4 . . 1 Power 2 | . 1 . . 1 Propulsion 1 | . 1 . . . Utility 1 | . 1 . . . Weapon 1 | . 1 . . . Highest Loss Streak 4 | . 4 . . 1 To Critical Strikes . | . . . . . Average Slot Usage (%) 87 | . 88 86 85 71 Engine 13 | . 13 14 14 7 Treads 27 | . 27 28 28 21 Device 2 | . 3 . . . Storage 14 | . 14 14 14 14 Energy Gun 25 | . 24 28 28 28 Ballistic Gun 2 | . 3 . . . Naked Turns . | . . . . . Heaviest Build 50 | 10 47 50 47 . Greatest Support 40 | 40 40 40 40 . Greatest Overweight (x) 1 | . 1 1 1 . Average Overweight (x) . | . . 1 1 . Largest Inventory Capacity 20 | 8 20 20 20 20 Average Capacity 18 | 8 17 20 20 20 Most Carried 20 | 6 17 20 20 20 Average Carried 15 | 4 14 18 20 20 Final Capacity 20 | 8 20 20 20 20 Final Carried 20 | 6 16 20 20 20 Class Distribution -------------------- 98% | Mutant Dominant Class ---------------- Mutant | -10/Materials Mutant | -10/Mines Mutant | -10/Exiles Mutant | -9/Mines Resources | -11 -10 -10 -10 -9 ----------- Run | Scr Mat Min Exi Min Matter Collected 560 | 203 344 13 . . Remotely . | . . . . . Salvage Created 775 | 19 665 91 . . Parts 50 | 3 39 8 . . Haulers Intercepted 2 | . 2 . . . Recyclers Shooed 1 | 1 . . . . Parts Field Recycled . | . . . . . Retrieved Matter . | . . . . . Parts Self-Destructed . | . . . . . Prevented . | . . . . . Kills | -11 -10 -10 -10 -9 ------- Run | Scr Mat Min Exi Min Combat Hostiles Destroyed 18 | . 15 3 . . Guns 18 | . 15 3 . . Classes Destroyed 6 | 1 5 . . . Worker 2 | . 2 . . . Tunneler 1 | 1 . . . . Hauler 2 | . 2 . . . Recycler 1 | . 1 . . . Swarmer 7 | . 5 2 . . Grunt 11 | . 10 1 . . Best Kill Streak 3 | 1 3 2 . . Combat Bots Only 3 | . 3 2 . . Max Kills in Single Turn 2 | 1 2 2 . . Gunslinging 1 | . . 1 . . Exploded . | . . . . . Melee . | . . . . . Uniques/NPCs Destroyed . | . . . . . Combat | -11 -10 -10 -10 -9 -------- Run | Scr Mat Min Exi Min Damage Taken 1028 | . 792 18 . 218 Core 264 | . 98 . . 166 Absorbed by Shields . | . . . . . Regen/Repaired (Parts) 72 | . 72 . . . Core Remaining (%) 100 | 100 . . . . Volleys Fired 79 | 3 67 3 . 6 Largest 2 | 2 2 2 . 2 Hottest 105 | 80 105 100 . 100 Shots Fired 154 | 6 130 6 . 12 Gun 154 | 6 130 6 . 12 Cannon . | . . . . . Launcher . | . . . . . Special . | . . . . . Kinetic 34 | . 34 . . . Thermal 120 | 6 96 6 . 12 Explosive . | . . . . . Electromagnetic . | . . . . . Robot Hit Streak 10 | 1 10 5 . 5 Robot Miss Streak 4 | 1 4 1 . 2 Penetration Max . | . . . . . Secondary Targets 3 | . 2 1 . . Max Gunslinging Chain 1 | . 1 1 . . Shots Hit Robots 101 | 3 86 4 . 8 Core Hits 41 | 1 34 3 . 3 Critical Kills . | . . . . . Critical Parts Destroyed . | . . . . . Critical Strikes 4 | . 4 . . . Burn 4 | . 4 . . . Melee Attacks . | . . . . . Impact . | . . . . . Slashing . | . . . . . Piercing . | . . . . . Sneak Attacks . | . . . . . Combat Hostiles . | . . . . . Follow-up Attacks . | . . . . . Damage Inflicted 1321 | 32 1114 62 . 113 Guns 1289 | 32 1094 50 . 113 Cannons . | . . . . . Explosions . | . . . . . Melee . | . . . . . Ramming 32 | . 20 12 . . Kinetic 269 | . 269 . . . Thermal 1020 | 32 825 50 . 113 Explosive . | . . . . . Electromagnetic . | . . . . . Impact . | . . . . . Slashing . | . . . . . Piercing . | . . . . . Highest Corruption . | . . . . . Average Corruption . | . . . . . Corruption Purged . | . . . . . Corruption Blocked . | . . . . . Overload Shots . | . . . . . Overflow Damage . | . . . . . Projectiles . | . . . . . Explosions . | . . . . . Melee . | . . . . . Knockbacks . | . . . . . Impact . | . . . . . Kinetic . | . . . . . Secondary . | . . . . . Self-Inflicted Damage . | . . . . . Shots . | . . . . . Rammed 8 | . 7 1 . . Targets Rammed 9 | . 8 1 . . Kicked . | . . . . . Crushed 1 | . 1 . . . Highest Temperature 270 | 56 270 96 . 165 Average Temperature 63 | 25 65 42 . 91 Received Heat Transfer 357 | . 327 . . 30 Effects 2 | . 2 . . . Interference 2 | . 2 . . . Siege Activations . | . . . . . Robots Corrupted . | . . . . . Combat Hostiles . | . . . . . Parts Fried . | . . . . . Impact Corruptions . | . . . . . Robots Melted . | . . . . . Combat Hostiles . | . . . . . Parts Melted 5 | . 5 . . . Heat Transferred 2927 | 75 2371 148 . 333 Parts Sabotaged . | . . . . . Parts Stolen . | . . . . . Parts Stripped . | . . . . . Power Chain Reactions . | . . . . . Missiles Intercepted . | . . . . . Alert | -11 -10 -10 -10 -9 ------- Run | Scr Mat Min Exi Min Peak Influence 244 | 5 244 110 . . Initial 5 | . 3 5 . . Average 63 | 4 75 39 . . Maximum Alert Level 1 | . 1 . . . Low Security (%) 96 | 100 95 100 . 100 Level 1 3 | . 4 . . . Level 2 . | . . . . . Level 3 . | . . . . . Level 4 . | . . . . . Level 5 . | . . . . . High Security . | . . . . . Max Security . | . . . . . Squads Dispatched 5 | . 5 . . . Investigation 3 | . 3 . . . Extermination . | . . . . . Reinforcement 2 | . 2 . . . Assault . | . . . . . Garrison . | . . . . . Intercept . | . . . . . Searches Triggered . | . . . . . Construction Impeded . | . . . . . Haulers Reinforced . | . . . . . Active Scanning Responses . | . . . . . Cargo Convoy Interrupts . | . . . . . Stealth | -11 -10 -10 -10 -9 --------- Run | Scr Mat Min Exi Min Distress Signals 3 | . 3 . . . Communications Jammed . | . . . . . Distress Signals . | . . . . . Times Spotted 41 | . 34 5 . 2 Peak Tracking Total 4 | . 4 3 . 2 Tactical Retreats 1 | . 1 . . . Traps | -11 -10 -10 -10 -9 ------- Run | Scr Mat Min Exi Min Traps Triggered 2 | . 2 . . . Indirectly . | . . . . . Trap Hack Attempts . | . . . . . Triggered . | . . . . . Disarmed . | . . . . . Reprogrammed . | . . . . . Reused . | . . . . . Traps Extracted . | . . . . . Installed . | . . . . . Triggered . | . . . . . Machines | -11 -10 -10 -10 -9 ---------- Run | Scr Mat Min Exi Min Machines Disabled . | . . . . . Max in Single Turn . | . . . . . Machines Sabotaged . | . . . . . Garrisons Compromised . | . . . . . Overloaded Fab Kills . | . . . . . Hacking | -11 -10 -10 -10 -9 --------- Run | Scr Mat Min Exi Min Machines Accessed 8 | . 7 . 1 . Terminals 5 | . 5 . . . Fabricators . | . . . . . Repair Stations 1 | . 1 . . . Recycling Units 1 | . 1 . . . Scanalyzers . | . . . . . Garrison Access . | . . . . . Total Hacks 23 | . 17 . 6 . Successful 16 | . 10 . 6 . Failed 7 | . 7 . . . Catastrophic 1 | . 1 . . . Database Lockouts . | . . . . . Manual 8 | . 8 . . . Terminals 12 | . 12 . . . Fabricators . | . . . . . Repair Stations 2 | . 2 . . . Recycling Units 3 | . 3 . . . Scanalyzers . | . . . . . Garrison Access . | . . . . . Terminal Hacks 11 | . 5 . 6 . Record 6 | . . . 6 . Prototype ID Bank 1 | . 1 . . . Unreport Threat 1 | . 1 . . . Locate Traps 3 | . 3 . . . Fabricator Hacks . | . . . . . Repair Station Hacks 2 | . 2 . . . Scan Component 1 | . 1 . . . Repair 1 | . 1 . . . Recycling Unit Hacks 1 | . 1 . . . Retrieve Components 1 | . 1 . . . Scanalyzer . | . . . . . Garrison Access Hacks . | . . . . . Unauthorized Hacks 2 | . 2 . . . Terminals 1 | . 1 . . . Botnet 1 | . 1 . . . Fabricators . | . . . . . Repair Stations . | . . . . . Recycling Units 1 | . 1 . . . Tunnel 1 | . 1 . . . Scanalyzers . | . . . . . Garrison Access . | . . . . . Data Cores Recovered . | . . . . . Used . | . . . . . Hacking Detections 7 | . 7 . . . Full Trace Events . | . . . . . Feedback Events . | . . . . . Feedback Blocked . | . . . . . Robot Schematics Acquired . | . . . . . Robots Built . | . . . . . Authchips . | . . . . . Time . | . . . . . Total Robot Build Rating . | . . . . . Part Schematics Acquired . | . . . . . Parts Built . | . . . . . Authchips . | . . . . . Time . | . . . . . Total Part Build Rating . | . . . . . Parts Repaired 1 | . 1 . . . Time 26 | . 26 . . . Parts Recycled . | . . . . . Recycled Matter . | . . . . . Retrieved Matter . | . . . . . Retrieved Components 9 | . 9 . . . Parts Scanalyzed . | . . . . . Part Schematics Acquired . | . . . . . Parts Damaged . | . . . . . Bothacking | -11 -10 -10 -10 -9 ------------ Run | Scr Mat Min Exi Min Used RIF Installer . | . . . . . Robots Hacked . | . . . . . Non-combat . | . . . . . Combat . | . . . . . Robot Hacks Applied . | . . . . . Relay Couplers Released . | . . . . . Fabnet Peak Effective % . | . . . . . Robots Rewired . | . . . . . Allies Hacked . | . . . . . Hacks Repelled . | . . . . . Allies | -11 -10 -10 -10 -9 -------- Run | Scr Mat Min Exi Min Total Allies 1 | . . 1 . . Largest Group 1 | . . 1 . . Highest-Rated Group 31 | . . 31 . . Highest-Rated Ally 31 | . . 31 . . Total Orders . | . . . . . Ally Attacks 8 | . . 8 . . Total Damage 125 | . . 125 . . Kills 2 | . . 2 . . Allies Corrupted . | . . . . . Allies Melted . | . . . . . Intel | -11 -10 -10 -10 -9 ------- Run | Scr Mat Min Exi Min Robot Analysis Total . | . . . . . Derelict Logs Recovered . | . . . . . Drone Launches . | . . . . . Drone Recoveries . | . . . . . Exploration | -11 -10 -10 -10 -9 ------------- Run | Scr Mat Min Exi Min Turns Passed 3013 | 31 1802 843 322 15 Spaces Moved 1242 | 11 754 342 135 . Core . | . . . . . Treads 1242 | 11 754 342 135 . Legs . | . . . . . Wheels . | . . . . . Hover . | . . . . . Flight . | . . . . . Fastest Speed 160 | 160 160 240 240 . Average Speed 214 | 160 199 240 240 . Slowest Speed 240 | 160 240 240 240 . Overloaded Moves . | . . . . . Propulsion Burnouts . | . . . . . Robots Hopped . | . . . . . Cave-ins Triggered . | . . . . . Exploration Rate (%) 43 | 2 93 66 51 3 Regions Visited 4 Branch Regions 3 Pre-discovered Areas 2 | . 1 . 1 . Known Exits Taken . | . . . . . Unknown Exits Taken 4 | 1 1 1 1 . Scrap Searched 1 | . . 1 . . Spaces Dug . | . . . . . Terrain Destroyed . | . . . . . Melee . | . . . . . Projectile . | . . . . . AOE . | . . . . . Terrain Rammed . | . . . . . Walls Destroyed . | . . . . . Machines Disabled . | . . . . . Actions | -11 -10 -10 -10 -9 --------- Run | Scr Mat Min Exi Min Total 1434 | 19 917 358 134 6 Wait 53 | . 47 6 . . Move 1238 | 10 753 341 134 . Hop . | . . . . . Pick Up 26 | 2 19 5 . . Fast Attach 5 | . 5 . . . Attach 6 | . 5 1 . . Detach . | . . . . . Swap 4 | 2 2 . . . Drop 14 | 2 11 1 . . Fire 79 | 3 67 3 . 6 Melee . | . . . . . Ram . | . . . . . Kick . | . . . . . Crush 9 | . 8 1 . . Escape Stasis . | . . . . . Rewire . | . . . . . Trap . | . . . . . Miscellaneous . | . . . . . Route ------- -11/Scrapyard -10/Materials (discovered 5 exits: [*Mat x3] / [*Min x2]) -10/Mines (discovered 2 exits: [*Mat] / *Exi) -10/Exiles -9/Mines History --------- Turn | Location | Event 12 | -11/Scrapyard | Discovered new exit (range 2) 32 | -11/Scrapyard | Entered Materials 42 | -10/Materials | Discovered new exit (range 16) 272 | -10/Materials | Discovered new exit (range 4) 315 | -10/Materials | Build established: Mutant 563 | -10/Materials | Discovered new exit (range 7) 775 | -10/Materials | Lost 4 parts (1p1n1u1w) 827 | -10/Materials | Discovered new exit (range 15) 1495 | -10/Materials | Discovered new exit (range 13) 1700 | -10/Materials | Repaired Lgt. Treads 1834 | -10/Materials | Entered Mines 1837 | -10/Mines | Received a Mining Laser from a helpful Derelict 2014 | -10/Mines | Discovered new exit (range 12) 2665 | -10/Mines | Deemed a non-threat by the Exiles lab entrance 2665 | -10/Mines | Discovered new exit (range 5) 2677 | -10/Mines | Entered Exiles 2733 | -10/Exiles | Met 8R-AWN 2776 | -10/Exiles | Met EX-HEX 2841 | -10/Exiles | Met EX-BIN 2867 | -10/Exiles | Met EX-DEC 2884 | -10/Exiles | Learned location of Zion (-6) 2977 | -10/Exiles | Discovered new exit (range 10) 2999 | -10/Exiles | Entered Mines 3001 | -9/Mines | Core integrity fell below 50% 3008 | -9/Mines | Core integrity fell below 20% 3014 | -9/Mines | Destroyed by L-31 Rogue with Katana Last Messages --------------- anyone spending a while in 0b10 bring along sensors with decent range to avoid running into patrols. A Signal Interpreter is optional since I know you're all smart enough to figure out what most of the blips are by watching their behavior for a short while. >>Record "MSG004902-01*" PINNED - I saw a Programmer snooping around in the Mines recently, it's only a matter of time before they find us. We might need to prioritize getting out of here and finding a better environment less hostile to science. >>Record "MSG001836-01" DEC, I lent the Quad Micro-nuker to 99-TNT for a favor, so I'm not sure we'll ever get that back. Oops. >>Record "MSG001904-01" I'm offering a hefty reward for anyone who can bring back proof of a Hollowlith. --BIN 02977_ EXIT=FOUND LOCATION=UNKNOWN GOAL=ESCAPE 03002_ Lgt. Ion Engine destroyed. 03007_ Lgt. Treads severed. Map ----- +----------------------------------------------------+ | ?????????????????????????????????????????????????? | | ?????????????????????????????????????????????????? | | ?????????????????????????????????????????????????? | | ?????????????????????????????????????????????????? | | ?????????????????????????????????????????????????? | | ?????????????????????????????????????????????????? | | ?????????????????????????????????????????????????? | | ?????????????????????????????????????????????????? | | ?????????????????????????????????????????????????? | | ?????????????????????????????????????????????????? | | ?????????????????????????????????????????????????? | | ?????????????????????????????????????????????????? | | ?????????????????????????????????????????????????? | | ?????????????????????????????????????????????????? | | ?????????????????????????????????????????????????? | | ?????????????????????????????????????????????????? | | ?????????????????????????????????????????????????? | | ?????????????????????????????????????????????????? | | ?????????????????????????????????????????????????? | | ?????????????????????????????????????????????????? | | ?????????????????????????????????????????????????? | | ?????????????????????????????????????????????????? | | ????????????????????#######??????????????????????? | | ????????????????????# #??????????????????????? | | ????????????????????# gl### #?????????????????? | | ????????????????????# @t #?????????????????? | | ????????????????????# #?????????????????? | | ????????????????????# ######?????????????????? | | ????????????????????# #??????????????????????? | | ????????????????????# #??????????????????????? | | ????????????????????#### ##??????????????????????? | | ???????????????????????# ????????????????????????? | | ???????????????????????# ????????????????????????? | | ???????????????????????# ????????????????????????? | | ???????????????????????# ????????????????????????? | | ???????????????????????##????????????????????????? | | ?????????????????????????????????????????????????? | | ?????????????????????????????????????????????????? | | ?????????????????????????????????????????????????? | | ?????????????????????????????????????????????????? | | ?????????????????????????????????????????????????? | | ?????????????????????????????????????????????????? | | ?????????????????????????????????????????????????? | | ?????????????????????????????????????????????????? | | ?????????????????????????????????????????????????? | | ?????????????????????????????????????????????????? | | ?????????????????????????????????????????????????? | | ?????????????????????????????????????????????????? | | ?????????????????????????????????????????????????? | | ?????????????????????????????????????????????????? | +----------------------------------------------------+ Best States ------------- Heat Dissipation 35 Energy Generation 10 Energy Capacity 125 Matter Stores 300 Matter Capacity 300 Sight Range 16 Terrain Scan Density 10 Armor Coverage 150 Evasion (%) 40 Recoil Reduction 2 Item Schematics ----------------- None Robot Schematics ------------------ None Fabricated ------------ Nothing Alien Tech Used ----------------- None Achievements -------------- None Challenges ------------ None Game ------ Seed SuspensionBurstBoosters Manual? 0 Play Time 00:09:37 Cumulative 295.5 hours Start 2022.05.15 @ 18:42:01 End 2022.05.15 @ 18:51:33 Sessions 1 Manual Loads 0 Difficulty Rogue Special Mode None Game No. 218 Rogue 190 Adventurer 10 Explorer 18 Win Type - Total 37 Types 17/1/3/9/1/0/2/1/3 Lore% 78 Gallery% 86 Achievement% 75 Wizard Run 0 Options --------- ASCII 0 Keyboard 0 Movement Numpad Keybinds 0 Fullscreen 1 Font 18/SmallcapsGlow Map View 76x50 Tactical HUD 1 Map Filters NONE Filters NONE Steam 1 RUN: 165a93fb-3ee3-4e72-97ca-d68694aa4094